 Dungeon Crawl Stone Soup version 0.31-a0-83-gbff143cfd1 (webtiles) character file.

Game seed: 553045656005492141

8061 Sobieck the Thaumaturge (level 11, -2/61 HPs)
             Began as a Deep Elf Conjurer on May 24, 2023.
             Was a Believer of Vehumet.
             Killed from afar by a deep elf zephyrmancer (28 damage)
             ... with a bolt of lightning
             ... on level 10 of the Dungeon.
             The game lasted 00:21:36 (8303 turns).

Sobieck the Thaumaturge (Deep Elf Conjurer)         Turns: 8303, Time: 00:21:37

Health: -2/61      AC:  9    Str:  4    XL:     11   Next: 5%
Magic:  24/47      EV: 15    Int: 28    God:    Vehumet [**....]
Gold:   468        SH:  0    Dex: 13    Spells: 23/34 levels left

rFire   + . .        g - staff of fire
rCold   . . .        (no shield)
rNeg    . . .        A - +2 robe {Will+}
rPois   .            f - +2 helmet
rElec   .            C - +0 cloak
rCorr   .            I - +0 pair of gloves
SInv    .            (no boots)
Will    ++...        v - amulet of magic regeneration
Stlth   ++           l - ring of magical power
HPRegen 0.30/turn    c - ring of magical power
MPRegen 0.70/turn

%: no passive effects
@: no status effects
A: no striking features
a: Renounce Religion


You were on level 10 of the Dungeon.
You worshipped Vehumet.
Vehumet was pleased with you.
You visited 2 branches of the dungeon, and saw 11 of its levels.

You collected 468 gold pieces.

Inventory:

Hand Weapons
 t - the +6 sling of Awkwardness {freeze, rN++}
   (You took it off a kobold on level 3 of the Dungeon)

   rN:        It greatly protects you from negative energy.
 y - the +6 short sword of the Grinning Seer {elec, +Blink Stlth+}
   (You found it on level 5 of the Dungeon)

   +Blink:    It lets you blink.
   Stlth:     It makes you more stealthy.
Missiles
 F - 8 curare-tipped darts
Armour
 a - a +0 robe
 f - a +2 helmet (worn)
 u - a +0 kite shield
 A - a +2 robe of willpower (worn)
 C - a +0 cloak (worn)
 I - a +0 pair of gloves (worn)
 M - a +0 kite shield
Magical Staves
 g - a staff of fire (weapon)
Jewellery
 c - a ring of magical power (right hand)
 l - a ring of magical power (left hand)
 m - a ring of willpower
 r - an amulet of regeneration
 v - an amulet of magic regeneration (around neck)
 L - an amulet of reflection
Wands
 D - a wand of digging (4)
 E - a wand of charming (5)
 H - a wand of mindburst (20)
 V - a wand of flame (14)
Scrolls
 d - a scroll of torment
 e - a scroll of amnesia
 i - a scroll of fear
 s - 3 scrolls of poison
 B - a scroll of blinking
Potions
 b - a potion of magic
 h - 4 potions of lignification
 j - 2 potions of heal wounds
 k - 3 potions of brilliance
 o - 3 potions of attraction
 q - 3 potions of ambrosia
 z - a potion of mutation
 J - a potion of enlightenment
 Q - 6 potions of curing


   Skills:
 - Level 4.0 Fighting
 + Level 7.7 Dodging
 - Level 3.0 Stealth
 - Level 12.0 Spellcasting
 + Level 11.1 Conjurations
 - Level 9.0 Hexes
 - Level 4.0 Translocations


You had 23 spell levels left.
You knew the following spells:

 Your Spells              Type           Power      Damage    Failure   Level
a - Magic Dart            Conj           100%       1d8       1%          1
b - Searing Ray           Conj           100%       2d8       1%          2
c - Fulminant Prism       Conj/Hex       30%        3d15      1%          4
d - Iskenderun's Mystic   Conj/Tloc      50%        2d11      2%          4

Your spell library contained the following spells:

 Spells                   Type           Power      Damage    Failure   Level
 Foxfire                  Conj/Fire      100%       2x1d9     1%          1
 Dazzling Flash           Conj/Hex       100%       N/A       1%          3
 Portal Projectile        Hex/Tloc       88%        N/A       1%          3
 Call Canine Familiar     Summ           16%        N/A       10%         3
 Leda's Liquefaction      Hex/Erth       16%        N/A       10%         4


Dungeon Overview and Level Annotations

Branches:
Dungeon (10/15)            Temple (1/1) D:6
   Lair: D:8-11         Orc: D:9-12

Altars:
Ashenzari
Cheibriados
Dithmenos
Elyvilon
Fedhas
Gozag
Hepliaklqana
Kikubaaqudgha
Makhleb
Nemelex Xobeh
Okawaru
Qazlal
Ru
Sif Muna
Trog
Uskayaw
Vehumet
Wu Jian
Xom
Yredelemnul
Zin

Shops:
D:2 (   D:3 (   D:8 [


Message History

Aiming: Fulminant Prism (dangerous; 1% risk of failure)
Press: ? - help, Dir - move target You conjure a prism of explosive energy!
A fulminant prism comes into view.
The deep elf zephyrmancer gestures at you while chanting.
The bolt of lightning hits your fulminant prism.
Your fulminant prism resists.
The bolt of lightning misses you.
Your fulminant prism crackles loudly.
You hear a bellow!
The deep elf zephyrmancer hits your fulminant prism with a +1 long sword of holy wrath!
Your fulminant prism explodes!
The blast of energy engulfs the deep elf zephyrmancer!!
The deep elf zephyrmancer is almost dead.
The blast of energy engulfs the deep elf zephyrmancer!!
The deep elf zephyrmancer is almost dead.
You hear a shout!
You hear a bellow!
Casting: Fulminant Prism (dangerous; 1% risk of failure)
Confirm with . or Enter, or press ? or * to list all spells.
Aiming: Fulminant Prism (dangerous; 1% risk of failure)
Press: ? - help, Dir - move target, f - deep elf zephyrmancer
Aim: a deep elf zephyrmancer, wielding a +1 long sword of holy wrath (almost dead)
You can't place the prism on a creature.
Unknown command.
Unknown command.
Casting: Fulminant Prism (dangerous; 1% risk of failure)
Confirm with . or Enter, or press ? or * to list all spells.
Aiming: Fulminant Prism (dangerous; 1% risk of failure)
Press: ? - help, Dir - move target, p - deep elf zephyrmancer You conjure a prism of explosive energy!
A fulminant prism comes into view.
The deep elf zephyrmancer hits your fulminant prism with a +1 long sword of holy wrath!
The deep elf zephyrmancer casts a spell.
The deep elf zephyrmancer blinks!
The deep elf zephyrmancer points at you and mumbles some strange words.
The bolt of lightning hits you!!
The deep elf zephyrmancer hits your fulminant prism with a +1 long sword of holy wrath!
Your fulminant prism detonates feebly.
Casting: Fulminant Prism (dangerous; 1% risk of failure)
Confirm with . or Enter, or press ? or * to list all spells.
You erupt in a blast of force!
The mystic blast hits the deep elf zephyrmancer!
The deep elf zephyrmancer is almost dead.
The deep elf zephyrmancer is knocked back by the mystic blast.
The deep elf zephyrmancer slams into the closed door!
You kill the deep elf zephyrmancer!
Vehumet accepts your kill.
The deep elf zephyrmancer points at you and mumbles some strange words.
The bolt of lightning hits you!!
You die...

#######.##
####...#
##....###
#####+###
#..####
#.......#
##'########
#.......#
..........#
#.......#
....###.###
#.......+
...## *.
#.......#
#### .ยง#
+..@..>.#
..##.......#
ee...?).$.#
...######+###
.! .


You could see a deep elf pyromancer and a deep elf zephyrmancer.

Vanquished Creatures
  Erica (D:8)
  2 two-headed ogres (D:8)
  Pikel (D:8)
  2 deep elf zephyrmancers (D:10)
  Maggie (D:7)
  Prince Ribbit (D:9)
  A shadow (D:9)
  2 wyverns
  6 yaks (D:8)
  A steam dragon (D:10)
  2 acid dragons (D:9)
  A water moccasin (D:7)
  An orc warrior (D:6)
  5 ice beasts
  An ogre (D:5)
  A black bear (D:5)
  2 centaurs
  3 lemures (D:8)
  3 kobold brigands
  3 bullfrogs
  A gnoll sergeant (D:6)
  3 scorpions
  9 wights
  9 killer bees
  2 howler monkeys (D:9)
  A jelly (D:4)
  3 orc priests
  4 hounds
  An iguana (D:7)
  A sleepcap (D:7)
  Natasha (thrice) (D:2)
  6 orc wizards
  Robin (D:2)
  3 gnolls (D:6)
  7 adders
  2 shadow imps
  4 white imps
  3 worms
  3 dart slugs
  28 orcs
  5 ball pythons
  5 endoplasms
  3 giant cockroaches
  18 goblins
  9 hobgoblins
  7 jackals
  21 kobolds
  4 quokkas
  8 bats
  2 frilled lizards
  5 rats
221 creatures vanquished.

Vanquished Creatures (others)
  87 fulminant prisms
87 creatures vanquished.

Grand Total: 308 creatures vanquished

Notes
Turn   | Place    | Note
-------+----------+-------------------------------------------
     0 | D:1      | Sobieck the Deep Elf Conjurer began the quest for the Orb.
     0 | D:1      | Reached XP level 1. HP: 10/10 MP: 6/6
    49 | D:1      | Reached skill level 1 in Hexes
   105 | D:1      | Reached XP level 2. HP: 15/15 MP: 6/8
   196 | D:1      | Learned a level 2 spell: Searing Ray
   706 | D:1      | Reached XP level 3. HP: 19/19 MP: 5/10
  1203 | D:2      | Noticed Natasha
  1205 | D:2      | Killed Natasha
  1206 | D:2      | Reached skill level 4 in Spellcasting
  1252 | D:2      | Noticed Natasha
  1258 | D:2      | Killed Natasha
  1259 | D:2      | Reached XP level 4. HP: 19/24 MP: 7/12
  1263 | D:2      | Noticed Natasha
  1267 | D:2      | Killed Natasha
  1268 | D:2      | Reached skill level 3 in Hexes
  1404 | D:2      | Learned a level 4 spell: Fulminant Prism
  1738 | D:2      | Noticed Robin
  1745 | D:2      | Killed Robin
  1746 | D:2      | Reached XP level 5. HP: 28/28 MP: 14/14
  1988 | D:2      | Found Kocwuqet's Antique Weapon Boutique.
  2006 | D:2      | Reached skill level 5 in Spellcasting
  2544 | D:3      | Reached XP level 6. HP: 32/32 MP: 16/16
  2677 | D:3      | Found Naesif Buna's Weapon Boutique.
  2856 | D:3      | Identified the +6 sling of Awkwardness {freeze, rN++}
  2991 | D:3      | Reached skill level 6 in Conjurations
  3154 | D:3      | Found a shimmering blue altar of Sif Muna.
  3165 | D:3      | Reached skill level 6 in Spellcasting
  3569 | D:4      | Identified the +3 chain mail of Honour {rN++}
  3647 | D:4      | Found a sparkling altar of Nemelex Xobeh.
  3923 | D:5      | Entered Level 5 of the Dungeon
  4091 | D:5      | Reached XP level 7. HP: 36/36 MP: 18/18
  4096 | D:5      | Learned a level 4 spell: Iskenderun's Mystic Blast
  4565 | D:5      | Reached skill level 7 in Spellcasting
  4565 | D:5      | Reached skill level 6 in Hexes
  4596 | D:5      | Identified the +6 short sword of the Grinning Seer {elec,
                  | +Blink Stlth+}
  5107 | D:6      | Reached XP level 8. HP: 41/41 MP: 21/21
  5128 | D:6      | Found a staircase to the Ecumenical Temple.
  5134 | D:6      | Reached skill level 8 in Spellcasting
  5142 | Temple   | Entered the Ecumenical Temple
  5148 | Temple   | Became a worshipper of Vehumet
  5269 | D:6      | Identified the +6 scale mail "Omuff" {Dex+3}
  5326 | D:6      | Found a hide-covered altar of Uskayaw.
  5935 | D:7      | Noticed Maggie
  5943 | D:7      | Reached skill level 9 in Spellcasting
  5950 | D:7      | Killed Maggie
  5954 | D:7      | Reached XP level 9. HP: 34/45 MP: 24/24
  6000 | D:7      | Found a stormy altar of Qazlal.
  6049 | D:7      | Reached * piety under Vehumet
  6049 | D:7      | Offered knowledge of Sandblast by Vehumet.
  6059 | D:7      | Reached skill level 9 in Hexes
  6165 | D:7      | Reached skill level 10 in Spellcasting
  6304 | D:7      | Reached skill level 9 in Conjurations
  6359 | D:8      | Reached skill level 1 in Translocations
  6382 | D:8      | Reached skill level 11 in Spellcasting
  6385 | D:8      | Reached skill level 3 in Dodging
  6385 | D:8      | Reached skill level 3 in Stealth
  6407 | D:8      | Found a bloodstained altar of Trog.
  6462 | D:8      | Reached skill level 1 in Fighting
  6476 | D:8      | Found a blossoming altar of Fedhas.
  6604 | D:8      | Found a snail-covered altar of Cheibriados.
  6625 | D:8      | Noticed Erica
  6633 | D:8      | Killed Erica
  6634 | D:8      | Reached XP level 10. HP: 50/53 MP: 27/27
  6851 | D:8      | Offered knowledge of Foxfire by Vehumet.
  6854 | D:8      | Reached ** piety under Vehumet
  6857 | D:8      | Found a snail-covered altar of Cheibriados.
  6858 | D:8      | Found Cheibriados's Comfort Zone.
  6861 | D:8      | Noticed a two-headed ogre
  6876 | D:8      | Killed a two-headed ogre
  6877 | D:8      | Reached skill level 12 in Spellcasting
  6884 | D:8      | Noticed a two-headed ogre
  6914 | D:8      | Killed a two-headed ogre
  6915 | D:8      | Reached skill level 3 in Fighting
  6930 | D:8      | You fall into a shaft and drop 1 floor!
  7005 | D:8      | Found an ancient bone altar of Kikubaaqudgha.
  7007 | D:8      | Found an iron altar of Okawaru.
  7200 | D:8      | Noticed Pikel
  7205 | D:8      | Killed Pikel
  7206 | D:8      | Reached skill level 6 in Dodging
  7632 | D:9      | Found a burning altar of Makhleb.
  7632 | D:9      | Found a glowing silver altar of Zin.
  7633 | D:9      | Noticed an angel
  7633 | D:9      | Noticed a blizzard demon
  7673 | D:9      | Noticed Prince Ribbit
  7678 | D:9      | Killed Prince Ribbit
  8138 | D:10     | Entered Level 10 of the Dungeon
  8186 | D:10     | Noticed a deep elf zephyrmancer
  8198 | D:10     | Killed a deep elf zephyrmancer
  8199 | D:10     | Reached XP level 11. HP: 61/61 MP: 29/29
  8290 | D:10     | Noticed a deep elf zephyrmancer
  8294 | D:10     | Noticed a deep elf zephyrmancer
  8297 | D:10     | Noticed a deep elf pyromancer
  8303 | D:10     | Killed a deep elf zephyrmancer
  8303 | D:10     | Killed from afar by a deep elf zephyrmancer

Illustrated notes

Levels and vault maps discovered:
D:1:      dpeg_arrival_more_subterranean_lakeside_camping, layout_loops_ring,
          nicolae_wormholes
D:2:      minmay_evil_eye, layout_basic, serial_shops, shop, uniq_natasha,
          uniq_robin
D:3:      cheibrodos_thug_alley, layout_loops_ring, led_sif_book, serial_shops,
          nicolae_shop_hallway_stairs
D:4:      layout_loops_ring, kennysheep_mini, minmay_close_crescents
D:5:      layout_gridville, serial_rivers, chequers_serial_rivers_micro_d,
          chequers_serial_rivers_small_a, chequers_serial_rivers_large_a,
          chequers_serial_rivers_room_a, chequers_serial_rivers_small_a,
          chequers_serial_rivers_micro_a
D:6:      layout_loops_ring, nicolae_uskayaw_suspiria, minmay_temple_entry_waves
D:7:      layout_rooms, old_standard_altar, uniq_maggie
D:8:      layout_basic, kennysheep_okawaru_gauntlet, kennysheep_mini_moat,
          trog_book, mainiacjoe_overflow_boulevard,
          mainiacjoe_overflow_six_doors_small, minmay_shop_chei, uniq_pikel,
          uniq_erica
D:9:      layout_irregular_city, grunt_temple_overflow_order_and_chaos_2,
          uniq_prince_ribbit1
D:10:     layout_roguey, kennysheep_little_box, dpeg_oklobed_lair,
          minmay_hedge_maze, bh_hangedman_babel_library, uniq_gastronok
Temple:   hellmonk_temple_micro_hex

Skill      XL: |  1  2  3  4  5  6  7  8  9 10 |
---------------+-------------------------------+-----
Hexes          | 1 2 3 4 5 6 8 9 |  9.0
Spellcasting   | 4 5 6 7 9 11 12 | 12.0
Conjurations   | 5 6 7 8 9 11 | 11.1
Translocations | 4 |  4.0
Dodging        | 4 7 |  7.7
Stealth        | 3 |  3.0
Fighting       | 2 4 |  4.0

Action                     |  1- 3 |  4- 6 |  7- 9 | 10-12 || total
---------------------------+-------+-------+-------+-------++-------
  Melee: Unarmed           |     8 |       |       |       ||     8
         Staff             |       |       |       |     1 ||     1
   Cast: Magic Dart        |    48 |   125 |    53 |       ||   226
         Searing Ray       |     6 |    11 |    19 |     9 ||    45
         Fulminant Prism   |       |     5 |    46 |    36 ||    87
         Iskenderun's Myst |       |       |       |     5 ||     5
    Use: Scroll            |       |    11 |     2 |     7 ||    20
 Armour: Robe              |     6 |     2 |     9 |    15 ||    32
  Dodge: Dodged            |    15 |    21 |    26 |    27 ||    89

Table legend: (Time is in decaauts)
 A = Elapsed time spent in this place.
 B = Non-inter-level travel time spent in this place.
 C = Inter-level travel time spent in this place.
 D = Time resting spent in this place.
 E = Time spent auto-exploring this place.
 F = Levels seen in this place.
 G = Mean time per level.
                   A        B        C        D        E       F      G
               +--------+--------+--------+--------+--------+-----+--------+
         Total |   8333 |   7957 |    376 |    484 |   6057 |  11 |  757.5 |
       Dungeon |   8322 |   7951 |    371 |    484 |   6057 |  10 |  832.2 |
        Temple |     11 |      6 |      5 |      0 |      0 |   1 |   11.0 |
               +--------+--------+--------+--------+--------+-----+--------+

Top non-repeatable levels by time:
     D:1: 1178 daAuts
     D:5: 1052 daAuts
     D:3: 1046 daAuts
     D:8: 1038 daAuts
     D:2: 992 daAuts
     D:9: 865 daAuts
     D:4: 806 daAuts
     D:6: 712 daAuts
     D:7: 554 daAuts
    D:10: 74 daAuts
  Temple: 11 daAuts
